 Dungeon Crawl Stone Soup version 0.26-a0-597-gb535b0901c (webtiles) character file.

Game seed: 8938713236832089914

184 HoaS the Shield-Bearer (level 5, 0/41 HPs)
             Began as a Formicid Fighter on Aug 27, 2020.
             Slain by an ogre
             ... wielding a +0 giant club
              (21 damage)
             ... on level 4 of the Dungeon.
             The game lasted 00:05:35 (3068 turns).

HoaS the Shield-Bearer (Formicid Fighter)           Turns: 3068, Time: 00:05:35

Health: 0/41       AC:  6    Str: 21    XL:     5   Next: 95%
Magic:  5/5        EV:  8    Int:  8    God:
Gold:   211        SH: 10    Dex: 10    Spells: 4/4 levels left

rFire    . . .     SeeInvis +   a - +2 quarterstaff
rCold    . . .     Faith    .   c - +0 kite shield
rNeg     . . .     Spirit   .   b - +0 scale mail
rPois    .         Reflect  .   (helmet unavailable)
rElec    .         Harm     .   (no cloak)
rCorr    .                      (no gloves)
MR       .....                  (no boots)
Stlth    ..........             (no amulet)
HPRegen  0.13/turn              (no ring)
MPRegen  0.09/turn              (no ring)

@: mighty
A: permanent stasis, dig shafts and tunnels, four strong arms, antennae 3
a: Dig, Shaft Self


You were on level 4 of the Dungeon.
You visited 1 branch of the dungeon, and saw 4 of its levels.

You collected 211 gold pieces.

Inventory:

Hand Weapons
 a - a +2 quarterstaff (weapon)
Armour
 b - a +0 scale mail (worn)
 c - a +0 kite shield (worn)
Scrolls
 j - a scroll of identify
Potions
 e - 3 potions of heal wounds
 f - a potion of cancellation
 g - 5 potions of curing
 h - a potion of resistance {unknown}
 i - a potion of flight {unknown}


   Skills:
 - Level 3.2 Fighting
 * Level 4.8 Staves
 - Level 3.2 Armour
 + Level 5.1 Shields


You had 4 spell levels left.
You didn't know any spells.
Your spell library was empty.

Dungeon Overview and Level Annotations

Branches:
Dungeon (4/15)
 Temple: D:4-7

Altars:
Fedhas
Trog


Innate Abilities, Weirdness & Mutations

You cannot be hasted, slowed, berserked, paralysed or teleported.
You can dig through walls and to a lower floor.
Your four strong arms can wield two-handed weapons with a shield.
You have a pair of large antennae on your head. (SInv)


Message History

The ogre shouts!
Found a scroll of teleportation.
You feel very mighty all of a sudden. The ogre hits you with a +0 giant club!
You sock the ogre!
The ogre is heavily wounded.
You block the ogre's attack.
You barely miss the ogre.
The ogre is heavily wounded.
Your scale mail prevents you from hitting the ogre.
The ogre is heavily wounded.
The ogre barely misses you.
You hit the ogre.
The ogre is heavily wounded.
The ogre hits you with a +0 giant club!
You sock the ogre!
The ogre is almost dead.
The ogre hits you with a +0 giant club!!
Ouch! That really hurt!
You die...

.##..#..#..#
.##.........
.###)##.##.#
######## .#
#.##.##.# #......#
.#
#.......####.####.##
.#
####.##.............
## #....####.####.##
############
#.####.# .<....#
#.@O..?# .####.#
######## ...##.#
.#.##.# .#.##.#
......# ##....#
##....# ###...#


You could see an ogre.

Vanquished Creatures
  Jessica (D:3)
  A worker ant (D:2)
  A hound skeleton (D:4)
  A worker ant zombie (D:4)
  A gnoll (D:1)
  An adder (D:3)
  An ooze (D:1)
  A dart slug (D:1)
  2 leopard geckos (D:1)
  14 orcs
  A ball python (D:2)
  2 giant cockroaches
  7 hobgoblins
  10 kobolds
  A quokka (D:2)
  8 bats
  3 frilled lizards
  8 goblins
  A leopard gecko zombie (D:2)
  7 rats
72 creatures vanquished.

Notes
Turn   | Place    | Note
-------+----------+-------------------------------------------
     0 | D:1      | HoaS the Formicid Fighter began the quest for the Orb.
     0 | D:1      | Reached XP level 1. HP: 18/18 MP: 1/1
    51 | D:1      | Reached XP level 2. HP: 6/24 MP: 2/2
   420 | D:1      | Reached skill level 4 in Shields
   543 | D:1      | Reached XP level 3. HP: 28/29 MP: 3/3
  1278 | D:2      | Reached XP level 4. HP: 32/35 MP: 4/4
  1322 | D:2      | Found a bloodstained altar of Trog.
  1803 | D:2      | You fall into a shaft and drop 1 floor!
  1807 | D:3      | Noticed Jessica
  1809 | D:3      | Killed Jessica
  1809 | D:3      | Reached XP level 5. HP: 41/41 MP: 5/5
  2721 | D:3      | Found a blossoming altar of Fedhas.
  2934 | D:4      | Reached skill level 5 in Shields
  3061 | D:4      | Noticed an ogre
  3068 | D:4      | Slain by an ogre

Illustrated notes

Levels and vault maps discovered:
D:1:      dpeg_arrival_rhombus, layout_loops_ring
D:2:      layout_loops_ring, bloody_trog, minmay_misc_feat_roman
D:3:      mumra_celtic_spiral_tile, layout_loops_corners,
          corexii_item_surrounded_by_moat, fedhas_altar_fruit_tree, uniq_jessica
D:4:      layout_loops_cross, minmay_misc_feat_cross

Skill      XL: |  1  2  3  4  5 |
---------------+----------------+-----
Shields        | 4 5 |  5.1
Staves         | 3 4 |  4.8
Fighting       | |  3.2
Armour         | |  3.2

Action                   |  1- 3 |  4- 6 || total
-------------------------+-------+-------++-------
Melee: Quarterstaff      |    85 |   132 ||   217
  Use: Scroll            |     5 |     4 ||     9
       Potion            |       |     1 ||     1
Armor: Scale mail        |    19 |    30 ||    49
Dodge: Dodged            |    16 |    27 ||    43
Block: Kite shield       |    38 |    59 ||    97

Table legend: (Time is in decaauts)
 A = Elapsed time spent in this place.
 B = Non-inter-level travel time spent in this place.
 C = Inter-level travel time spent in this place.
 D = Time resting spent in this place.
 E = Time spent auto-exploring this place.
 F = Levels seen in this place.
 G = Mean time per level.
                   A        B        C        D        E       F      G
               +--------+--------+--------+--------+--------+-----+--------+
         Total |   3107 |   3038 |     69 |    479 |   2004 |   4 |  776.8 |
       Dungeon |   3107 |   3038 |     69 |    479 |   2004 |   4 |  776.8 |
               +--------+--------+--------+--------+--------+-----+--------+

Top non-repeatable levels by time:
     D:1: 1235 daAuts
     D:3: 1014 daAuts
     D:2: 711 daAuts
     D:4: 146 daAuts
